Map: Ruins of Seras

Players

hydra - Winner!

  • Race: Zerg Zerg

Namshar

  • Race: Zerg Zerg
  • League: Grandmaster

Event: DreamHack ZOWIE Open Leipzig

VOD

Have the link to the VOD?

Description

Time

  • Played on: Jan. 22, 2016, 12:38 p.m.
  • Length: 8:44

All games in this series

Show
View Real Time Build Order
Export as new Build Order

hydra Zerg - Winner!

Build Orders: Hatch First, Zergling Baneling 

Get SALT Encoding   

  12  0:00  Drone  
  13  0:12  Overlord  
  13  0:17  Drone  
  14  0:30  Drone x2  
  14  0:34  Drone  
  17  0:53  Hatchery  
  17  0:56  Drone  
  17  0:59  Drone  
  17  1:02  Extractor  
  17  1:15  Spawning Pool  
  16  1:19  Drone  
  16  1:22  Drone  
  18  1:28  Drone  
  19  1:44  Overlord  
  19  2:02  Zergling x4, Queen  
  19  2:04  Queen  
  19  2:07  Metabolic Boost  
  25  2:11  Drone  
  25  2:14  Drone  
  27  2:17  Drone  
  28  2:25  Baneling Nest  
  28  2:28  Drone  
  28  2:32  Drone  
  29  2:40  Drone  
  29  2:41  Overlord  
  30  2:46  Drone  
  31  2:52  Zergling x2  
  32  3:00  Zergling x4  
  32  3:05  Zergling x2  
  35  3:11  Drone  
  36  3:13  Drone x3  
  36  3:15  Drone x2  
  36  3:16  Drone  
  36  3:17  Baneling x3  
  40  3:20  Drone  
  40  3:24  Overlord  
  41  3:39  Hatchery  
  41  3:41  Queen  
  41  3:51  Zergling x10  
  41  3:55  Zergling x4  
  47  3:58  Overlord  
  48  4:08  Baneling x3  
  47  4:10  Overlord  
  47  4:12  Drone  
  47  4:16  Drone  
  49  4:20  Roach Warren  
  49  4:21  Drone x2  
  49  4:23  Drone, Extractor  
  50  4:25  Drone  
  50  4:26  Baneling x2  
  50  4:28  Drone  
  50  4:30  Drone  
  47  4:39  Drone  
  47  4:40  Lair  
  48  4:46  Drone  
  48  4:49  Extractor  
  48  4:51  Drone  
  48  4:52  Zergling x6  
  50  4:55  Drone  
  50  4:57  Drone  
  50  4:58  Drone x3  
  54  5:02  Zergling x8  
  58  5:10  Overlord  
  58  5:13  Roach  
  58  5:14  Roach  
  62  5:18  Evolution Chamber  
  62  5:21  Baneling x2  
  61  5:23  Drone  
  62  5:29  Drone x2  
  62  5:33  Overlord  
  62  5:34  Overlord  
  62  5:35  Roach x3  
  72  5:40  Roach  
  72  5:41  Roach x3  
  80  5:43  Roach  
  80  5:49  Roach  
  82  5:55  Roach x3  
  88  5:58  Roach  
  88  5:59  Roach x2  
  94  6:05  Roach x2  
  98  6:13  Overlord x2  
  85  6:36  Zerg Missile Weapons Level 1  
  85  6:37  Roach  
  85  6:38  Roach x9  
  101  6:49  Roach x3  
  101  6:52  Overlord  
  107  6:57  Glial Reconstitution, Extractor  
  107  7:00  Drone x2  
  108  7:04  Drone  
  109  7:16  Roach x5  
  109  7:19  Overlord x2  
  109  7:20  Overlord  
  119  7:24  Drone  
  119  7:25  Drone x2, Queen  
  118  7:35  Roach  
  108  7:44  Roach x11  
  106  7:48  Overlord x2  
  120  7:52  Ravager  
  120  7:55  Ravager  
  120  7:56  Drone  
  122  8:00  Overlord  
  122  8:02  Roach  
  122  8:03  Roach x2  
  128  8:11  Roach x3  
  134  8:15  Roach  
  136  8:25  Roach x7  
Show
View Real Time Build Order
Export as new Build Order

Namshar Zerg 

Build Orders: Hatch First 

Get SALT Encoding   

  12  0:00  Drone  
  13  0:08  Drone  
  14  0:17  Overlord  
  14  0:21  Extractor  
  14  0:23  Drone  
  15  0:36  Drone x2  
  17  0:53  Hatchery  
  17  0:55  Drone  
  17  0:59  Drone  
  18  1:09  Extractor  
  17  1:15  Spawning Pool  
  17  1:17  Drone  
  17  1:20  Drone  
  18  1:26  Drone  
  19  1:37  Overlord  
  19  2:01  Queen  
  19  2:02  Zergling x4  
  19  2:05  Zergling x2, Queen  
  26  2:08  Metabolic Boost  
  26  2:12  Drone  
  27  2:18  Drone  
  27  2:21  Drone  
  29  2:28  Drone  
  30  2:31  Baneling Nest  
  30  2:34  Drone  
  30  2:37  Drone  
  31  2:47  Overlord  
  31  2:49  Drone  
  32  2:57  Zergling x2  
  33  3:01  Zergling x2  
  33  3:05  Spine Crawler  
  32  3:18  Drone  
  32  3:19  Drone x4, Baneling, Extractor  
  34  3:20  Baneling  
  34  3:23  Drone x3  
  37  3:40  Zergling x4  
  40  3:45  Hatchery  
  36  3:50  Drone  
  36  3:51  Drone x4  
  36  3:54  Drone  
  41  3:58  Baneling  
  41  4:09  Extractor  
  40  4:10  Roach Warren  
  40  4:12  Drone  
  40  4:18  Baneling x2  
  40  4:20  Queen  
  42  4:27  Baneling x2  
  42  4:28  Zergling x2  
  43  4:34  Queen  
  43  4:39  Overlord x2  
  42  4:53  Zergling x2  
  42  4:55  Drone  
  43  5:01  Roach x9  
  61  5:10  Roach  
  64  5:14  Zergling x4  
  64  5:21  Overlord  
  65  5:36  Overlord x2  
  65  5:40  Zergling x16  
  73  5:45  Zergling x2  
  73  5:46  Overlord x2  
  74  5:50  Overlord  
  74  5:57  Ravager  
  74  5:58  Ravager  
  74  5:59  Baneling  
  74  6:00  Baneling x4  
  74  6:01  Zergling x8  
  80  6:06  Drone x2  
  82  6:17  Zergling x4  
  76  6:25  Zergling x2  
  76  6:26  Zergling x12  
  76  6:32  Drone  
  74  6:33  Drone x2  
  68  6:46  Drone x3  
  69  6:49  Lair  
  69  6:50  Evolution Chamber  
  69  6:53  Roach x3  
  73  7:01  Roach x2  
  73  7:04  Roach  
  77  7:12  Roach x6  
  80  7:30  Roach x3  
  80  7:31  Roach  
  75  7:42  Roach  
  75  7:43  Drone x2, Roach x2  
  75  7:44  Drone x2  
  81  7:49  Drone x2  
  83  7:51  Extractor  
  83  7:52  Drone x3  
  85  8:03  Hatchery  
  84  8:06  Overlord  
  84  8:14  Roach x3  
  84  8:18  Extractor  

Tags
 
Add a new tag
Caveats
  • Supply blocks, unpowered buildings, or Contaminate may cause inaccurate times.
  • Supply counts are checked every 10 seconds.